 Dungeon Crawl Stone Soup version 0.26.1-10-gdfb7c7de75 (webtiles) character file.

Game seed: 4399156118807610045

273 MalarOregon the Sneak (level 6, -16/38 HPs)
             Began as a Halfling Enchanter on Apr 2, 2021.
             Killed from afar by Dowan (26 damage)
             ... with a shard of ice
             ... on level 4 of the Dungeon.
             The game lasted 00:08:23 (3508 turns).

MalarOregon the Sneak (Halfling Enchanter)          Turns: 3508, Time: 00:08:24

Health: -16/38     AC: 11    Str: 11    XL:     6   Next: 48%
Magic:  18/18      EV:  4    Int: 16    God:
Gold:   244        SH:  0    Dex: 15    Spells: 4/9 levels left

rFire    . . .     SeeInvis .   a - +3 dagger
rCold    . . .     Faith    .   (shield restricted)
rNeg     . . .     Spirit   .   p - +1 plate armour of Kemigurgh {rCorr MP+9 Int+3} (curse)
rPois    .         Reflect  .   (no helmet)
rElec    .         Harm     .   (no cloak)
rCorr    +         Rampage  .   (no gloves)
Will     .....                  (no boots)
Stlth    ..........             (no amulet)
HPRegen  0.12/turn              (no ring)
MPRegen  0.16/turn              (no ring)

@: lethally poisoned (-16 -> -20)
A: small, mutation resistance 1
a: no special abilities


You were on level 4 of the Dungeon.
You visited 1 branch of the dungeon, and saw 4 of its levels.

You collected 244 gold pieces.

Inventory:

Hand Weapons
 a - a +3 dagger (weapon)
 m - a +4 short sword
   (You took it off an orc on level 3 of the Dungeon)
Missiles
 d - 3 curare-tipped darts (quivered) {!f}
Armour
 i - a +2 scale mail of poison resistance
   (You found it on level 1 of the Dungeon)
 p - the cursed +1 plate armour of Kemigurgh (worn) {rCorr MP+9 Int+3}
   (You found it on level 4 of the Dungeon)

   It affects your intelligence (+3).
   It affects your magic capacity (+9).
   It provides partial protection from all sources of acid and corrosion.
   It has a curse placed upon it.
Wands
 x - a wand of acid (3)
   (You found it on level 3 of the Dungeon)
Scrolls
 e - a scroll of teleportation {@r4}
 f - 2 scrolls of amnesia
 g - a scroll of magic mapping
 h - 5 scrolls of identify {@r1}
 k - 2 scrolls of immolation {!r}
Potions
 b - a potion of curing {unknown}
 c - a potion of lignification {unknown}
 j - 2 potions of might
 l - 2 potions of haste {unknown}
 n - a potion of mutation {unknown}


   Skills:
 + Level 1.6 Fighting
 * Level 4.1 Short Blades
 + Level 3.2 Dodging
 + Level 4.3 Stealth
 + Level 2.2 Spellcasting
 + Level 3.0 Hexes


You had 4 spell levels left.
You knew the following spells:

 Your Spells              Type           Power        Failure   Level
b - Confusing Touch       Hex            11%          100%        3
x - Ensorcelled Hibernat  Hex/Ice        12%          100%        2

Your spell library contained the following spells:

 Spells                   Type           Power        Failure   Level
 Corona                   Hex            12%          100%        1
 Dazzling Flash           Conj/Hex       12%          100%        3
 Tukima's Dance           Hex            11%          100%        3


Dungeon Overview and Level Annotations

Branches:
Dungeon (4/15)
 Temple: D:4-7

Altars:
Kikubaaqudgha
Nemelex Xobeh

Annotations:
D:4 Dowan


Innate Abilities, Weirdness & Mutations

You are small and have problems with some larger weapons.
You are somewhat resistant to further mutation.


Message History

Aim: Duvessa, wielding a +0 short sword and wearing a +2 scale mail of poison resistance (59% to hit)
Okay, then.
Unknown command.
Aim: Duvessa, wielding a +0 short sword and wearing a +2 scale mail of poison resistance (21% to evade)
The bolt of acid hits Duvessa!
Duvessa is splashed with acid.
The bolt of acid misses Dowan.
Duvessa hits you but does no damage.
You closely miss Duvessa. Duvessa hits you but does no damage.
You hit Duvessa. Duvessa hits you but does no damage.
You hit Duvessa but do no damage. You hit Duvessa.
Duvessa hits you with a +0 short sword.
You hit Duvessa but do no damage. Duvessa hits you with a +0 short sword.
You hit Duvessa. Duvessa hits you but does no damage.
Your plate armour of Kemigurgh prevents you from hitting Duvessa.
Duvessa says, "When magic and the sword combine, nothing stands against them."
Duvessa hits you with a +0 short sword.
Your plate armour of Kemigurgh prevents you from hitting Duvessa.
You hit Duvessa but do no damage. Duvessa hits you but does no damage.
You hit Duvessa but do no damage. Duvessa hits you but does no damage.
Aim: Duvessa, wielding a +0 short sword and wearing a +2 scale mail of poison resistance (severely wounded, 21% to evade)
The bolt of acid hits Duvessa!
Duvessa is splashed with acid.
The acid corrodes Duvessa!
You kill Duvessa!
Dowan seems overcome with grief, but rights himself reflexively soon after.
Dowan seems to find hidden reserves of power!
The bolt of acid misses Dowan.
Your Short Blades skill increases to level 4!
Your Hexes skill increases to level 3!
You have reached level 6!
Your experience leads to an increase in your attributes!
Your base attributes are Str 10, Int 13, Dex 15.
Increase (S)trength, (I)ntelligence, or (D)exterity?
You feel stronger.
You hit Dowan. Dowan hits you but does no damage.
You are poisoned.
You completely miss Dowan.
You feel sick.
Dowan is no longer moving slowly.
Dowan hits you with a +3 dagger of venom.
You hit Dowan. Dowan gestures at you while chanting. The shard of ice hits you!
* * * LOW HITPOINT WARNING * * *
Okay, then.
Throw: 4 darts (curare) {!f}
Aim: Dowan, wielding a +3 dagger of venom and wearing a +0 robe (severely wounded, fast, poisoned, 43% to hit)
You throw a curare-tipped dart {!f}.
The curare-tipped dart {!f} misses Dowan.
You feel sick. Dowan casts a spell at you. The shard of ice hits you!!
Ouch! That really hurt!
You die...

#.# #.#(#
#.# .#.#
#.# ...#
#####.#
..#
#.....#
.>#
#.#####
#.# #.#
#e# #.#
#@# #.#
#.# #.#
#.# #.#
#.######.#
#........#
##########


You could see Dowan (fast, poisoned).

Vanquished Creatures
  Duvessa (D:4)
  Jessica (D:3)
  6 adders
  2 oozes (D:2)
  4 worms
  A dart slug (D:1)
  2 leopard geckos
  5 orcs
  2 giant cockroaches
  5 hobgoblins
  5 jackals
  6 kobolds
  2 quokkas
  A ball python (D:3)
  9 bats
  2 frilled lizards
  9 goblins
  4 rats
67 creatures vanquished.

Vanquished Creatures (others)
  A ball python (D:4)
  A plant (D:2)
2 creatures vanquished.

Grand Total: 69 creatures vanquished

Notes
Turn   | Place    | Note
-------+----------+-------------------------------------------
     0 | D:1      | MalarOregon the Halfling Enchanter began the quest for the
                  | Orb.
     0 | D:1      | Reached XP level 1. HP: 11/11 MP: 3/3
   221 | D:1      | Reached XP level 2. HP: 5/17 MP: 4/4
   908 | D:1      | Reached XP level 3. HP: 14/22 MP: 5/5
  1568 | D:2      | Learned a level 2 spell: Ensorcelled Hibernation
  1574 | D:2      | Found an ancient bone altar of Kikubaaqudgha.
  1990 | D:2      | Reached XP level 4. HP: 27/27 MP: 6/6
  1995 | D:2      | Learned a level 3 spell: Confusing Touch
  2041 | D:2      | Found a faded altar of an unknown god.
  2143 | D:2      | Found a sparkling altar of Nemelex Xobeh.
  2537 | D:2      | Reached skill level 1 in Fighting
  2611 | D:3      | Reached XP level 5. HP: 24/33 MP: 7/7
  2895 | D:3      | Noticed Jessica
  2931 | D:3      | Killed Jessica
  3398 | D:4      | Got a jewelled plate armour
  3414 | D:4      | Identified the cursed +1 plate armour of Kemigurgh {rCorr
                  | MP+9 Int+3} (You found it on level 4 of the Dungeon)
  3482 | D:4      | Noticed Dowan
  3482 | D:4      | Noticed Duvessa
  3504 | D:4      | Killed Duvessa
  3505 | D:4      | Reached XP level 6. HP: 24/38 MP: 9/9
  3508 | D:4      | Killed from afar by Dowan

Illustrated notes

Levels and vault maps discovered:
D:1:      minmay_arrival_widening_spiral_wide, layout_loops_ring,
          minmay_distorted
D:2:      cheibrodos_helix_gallery, layout_basic, kiku_gazebo_garden_becter,
          serial_forest, infiniplex_forest_corner_1,
          infiniplex_forest_clump_small, infiniplex_forest_lined_3,
          infiniplex_forest_straight_3, infiniplex_forest_lined_room_2,
          infiniplex_forest_clump_C, chequers_ecumenical_altar_simple_redux,
          nemelex_dance_club_becter
D:3:      layout_rooms, uniq_jessica
D:4:      layout_basic, kennysheep_mini_moat, kennysheep_mini,
          fiery_altar_vehumet, uniq_edmund, uniq_duvessa

Skill      XL: |  1  2  3  4  5 |
---------------+----------------+-----
Short Blades   | 2 3 4 |  4.1
Fighting       | 1 |  1.6
Spellcasting   | 2 |  2.2
Stealth        | 4 |  4.3
Dodging        | 3 |  3.2
Hexes          | 3 |  3.0

Action                   |  1- 3 |  4- 6 || total
-------------------------+-------+-------++-------
Melee: Dagger            |   119 |   137 ||   256
Throw: Dart              |     5 |     5 ||    10
Evoke: Wand              |       |     3 ||     3
  Use: Scroll            |     7 |     3 ||    10
 Stab: Distracted        |     2 |       ||     2
       Sleeping          |       |     2 ||     2
Armor: Robe              |     3 |       ||     3
       Scale mail        |    45 |    44 ||    89
       Plate armour      |       |     7 ||     7
Dodge: Dodged            |    79 |    72 ||   151
